 Dungeon Crawl Stone Soup version 0.14-a0-314-g3e3f616 (webtiles) character file.

153 HexAgony the Skirmisher (level 3, -7/30 HPs)
             Began as a Lava Orc Chaos Knight on Oct 20, 2013.
             Was a Plaything of Xom.
             Mangled by Sigmund
             ... wielding a +0,+0 scythe
              (9 damage)
             ... on Level 2 of the Dungeon.
             The game lasted 00:07:49 (1723 turns).

HexAgony the Skirmisher (Lava Orc Chaos Knight)     Turns: 1723, Time: 00:07:49

HP  -7/30        AC  9     Str 15      XL: 3   Next: 23%
MP   3/3         EV 10     Int 16      God: Xom
Gold 116         SH  0     Dex 10      Spells:  0 memorised,  2 levels left

Res.Fire  : + + .   See Invis. : .   a - +0 orc mace (chaos)
Res.Cold  : . . .   Warding    : .   b - +3 orc leather armour
Life Prot.: . . .   Conserve   : .   (no shield)
Res.Poison: .       Res.Corr.  : .   (no helmet)
Res.Elec. : .       Clarity    : .   (no cloak)
Sust.Abil.: . .     Spirit.Shd : .   (no gloves)
Res.Mut.  : .       Stasis     : .   (no boots)
Res.Rott. : .       Flight     : .   (no amulet)
Saprovore : + . .                    f - +4 ring of intelligence
                                     e - ring of protection from fire

@: not resistant to hostile enchantments, very unstealthy
A: conserve scrolls, saprovore 1
a: Renounce Religion


You were on level 2 of the Dungeon.
You worshipped Xom.
You were a toy of Xom.
You were not hungry.

You visited 1 branch of the dungeon, and saw 2 of its levels.

You collected 96 gold pieces.

Inventory:

Hand weapons
 a - a +0,+0 orcish mace of chaos (weapon)
Armour
 b - a +3 orcish leather armour (worn)
Comestibles
 c - a meat ration
 h - an apricot
Jewellery
 e - a ring of protection from fire (left hand)
 f - a +4 ring of intelligence (right hand)


   Skills:
 + Level 4.1 Fighting
 + Level 4.1 Maces & Flails
 + Level 2.4 Armour
 + Level 1.0 Dodging


You had 2 spell levels left.
You didn't know any spells.

Dungeon Overview and Level Annotations

Branches:
Dungeon (2/27)

Altars:
Yredelemnul

Annotations:
D:2 Sigmund


Innate Abilities, Weirdness & Mutations

You have stony skin.
Your flesh is heat resistant.
Your flesh is vulnerable to cold.
Your heat harms attackers.
You bathe your surroundings in blazing heat.
You are too hot to use scrolls.
You are very good at protecting items from fire.
You can tolerate rotten meat.


Message History

It hits you!
* * * LOW HITPOINT WARNING * * *
You feel better. It hits you.
* * * LOW HITPOINT WARNING * * *
You hear some strange, mumbled words.
The puff of flame hits you! You resist.
You are wearing:
e - a ring of protection from fire (left hand)
* * * LOW HITPOINT WARNING * * *
It hits you but does no damage.
Firing (i - inventory): No suitable missiles.
Press: ? - help, Shift-Dir - straight line
Okay, then.
Unknown command.
You hear some strange, mumbled words.
The puff of flame hits you! You resist.
* * * LOW HITPOINT WARNING * * *
It hits you.
* * * LOW HITPOINT WARNING * * *
It hits you!
You die...

******* ##########
,,,,,,* **#........#
,,,,,,****,+...§@§.§#
,,,,,,,,,,#........#
,,,,,,*****#........#
,,,,,,* ######'### ,
,,,,* #.# ******* #.#
,,,,* #.# ###+##
###.# .....# #...#


There were no monsters in sight!

Vanquished Creatures
  A worm (D:1)
  2 giant geckos
  2 oozes
  A giant cockroach (D:1)
  5 goblins
  4 hobgoblins
  3 jackals (D:1)
  2 kobolds (D:2)
  A ball python (D:1)
  3 bats
  2 giant newts
  2 rats
28 creatures vanquished.

Notes
Turn   | Place    | Note
--------------------------------------------------------------
     0 | D:1      | HexAgony, the Lava Orc Chaos Knight, began the quest for the Orb.
     0 | D:1      | Reached XP level 1. HP: 17/17 MP: 1/1
    80 | D:1      | XOM: harmless Fire miscast
   299 | D:1      | XOM: harmless Tloc miscast
   603 | D:1      | XOM is BORED!
   603 | D:1      | XOM: harmless Chrm miscast
   636 | D:1      | XOM: divination: magic mapping
   677 | D:1      | XOM: harmless Pois miscast
   792 | D:1      | Reached XP level 2. HP: 24/24 MP: 2/2
   822 | D:1      | XOM: harmless Summ miscast
   847 | D:1      | Reached skill level 1 in Dodging
   972 | D:1      | Reached skill level 4 in Maces & Flails
  1325 | D:2      | Reached XP level 3. HP: 30/30 MP: 3/3
  1355 | D:2      | Found a basalt altar of Yredelemnul.
  1555 | D:2      | Noticed Ijyb
  1563 | D:2      | Noticed Ijyb
  1563 | D:2      | Ijyb changed into Ijyb the ooze
  1565 | D:2      | Killed Ijyb the ooze
  1709 | D:2      | Noticed Sigmund
  1709 | D:2      | XOM: noise
  1710 | D:2      | XOM: colour smoke trail
  1723 | D:2      | Mangled by Sigmund

Action                   || total
-------------------------++-------
Melee: Mace              ||    95
  Use: Scroll            ||     8
       Potion            ||     5
